 Dungeon Crawl Stone Soup version 0.19-a0-994-g3c636f0 (webtiles) character file.

21 Gagarin the Caller (level 2, 0/19 HPs)
             Began as a Merfolk Summoner on July 15, 2016.
             Slain by a hobgoblin
             ... wielding a +0 club
              (2 damage)
             ... on level 1 of the Dungeon.
             The game lasted 00:04:28 (1630 turns).

Gagarin the Caller (Merfolk Summoner)               Turns: 1630, Time: 00:04:29

Health: 0/19       AC:  2    Str:  8    XL:     2   Next: 83%
Magic:  1/5        EV: 13    Int: 14    God:
Gold:   33         SH:  0    Dex: 14    Spells: 2 memorised, 2 levels left

rFire  . . .     SeeInvis .     j - +0 dagger
rCold  . . .     Gourm    .     a - +0 robe
rNeg   . . .     Faith    .     (no shield)
rPois  .         Spirit   .     (no helmet)
rElec  .         Dismiss  .     (no cloak)
rCorr  .         Reflect  .     (no gloves)
SustAt .         Harm     .     (no boots)
MR     .....                    (no amulet)
Stlth  ++........               (no ring)
                                (no ring)

@: not resistant to hostile enchantments, unstealthy
A: change form in water, swift swim
a: no special abilities


You were on level 1 of the Dungeon.
You were hungry.

You visited 1 branch of the dungeon, and saw 1 of its levels.

You collected 33 gold pieces.

Inventory:

Hand Weapons
 j - a +0 dagger (weapon)
Armour
 a - a +0 robe (worn)
 d - a +3 leather armour
Scrolls
 h - a scroll of recharging {unknown}
 i - a scroll of enchant weapon {unknown}
Potions
 e - a potion of flight {unknown}
 g - a potion of agility {unknown}
 k - a potion of berserk rage {unknown}
Books
 b - a book of Callings

   Spells                             Type                      Level
   a - Summon Small Mammal            Summoning                    1
   b - Call Imp                       Summoning                    2
   c - Call Canine Familiar           Summoning                    3
   d - Summon Guardian Golem          Hexes/Summoning              3
   e - Summon Lightning Spire         Summoning/Air                4
   f - Summon Ice Beast               Ice/Summoning                4
Comestibles
 c - a bread ration


   Skills:
 + Level 0.2 Fighting
 + Level 3.1 Dodging
 + Level 2.2 Stealth
 + Level 2.2 Spellcasting
 + Level 4.3 Summonings


You had 2 spell levels left.
You knew the following spells:

 Your Spells              Type           Power        Failure   Level  Hunger
a - Summon Small Mammal   Summ           ##..         4%          1    #......
b - Call Imp              Summ           ##......     10%         2    ###....


Dungeon Overview and Level Annotations

Branches:
Dungeon (1/15)

Altars:


Message History

You barely miss the hobgoblin.
The hobgoblin is severely wounded.
The hobgoblin hits you with a club!
* * * LOW HITPOINT WARNING * * *
Your crimson imp hits the dart slug.
You barely miss the hobgoblin.
The hobgoblin is severely wounded.
The hobgoblin closely misses you.
Your crimson imp blinks!
You hit the hobgoblin but do no damage.
The hobgoblin is severely wounded.
The hobgoblin hits you with a club.
* * * LOW HITPOINT WARNING * * *
The hobgoblin hits you but does no damage.
You see here a robe.
Casting: Summon Small Mammal
Confirm with . or Enter, or press ? or * to list all spells.
A shadowy apparition takes form in the air.
The hobgoblin hits you with a club.
You die...

#............# #####
#............#
#............#
#............#
#............#
#............#
#...5........#
##............#
#....5#@....#.#
#.....#g#####.#
#.....#.# #.# #.....#w#
#...).#.#
#.....#.#####?#
#....##.#.....#
###.###.'.....##########
#.#####....##.........


You could see a dart slug, a hobgoblin and a friendly shadow imp.

Vanquished Creatures
  A giant cockroach (D:1)
  A goblin (D:1)
  A jackal (D:1)
  A bat (D:1)
  6 rats (D:1)
10 creatures vanquished.

Vanquished Creatures (collateral kills)
  3 goblins (D:1)
  7 hobgoblins (D:1)
  2 jackals (D:1)
  A bat (D:1)
  2 giant newts (D:1)
  A kobold (D:1)
  A rat (D:1)
17 creatures vanquished.

Grand Total: 27 creatures vanquished

Notes
Turn   | Place    | Note
-------+----------+-------------------------------------------
     0 | D:1      | Gagarin the Merfolk Summoner began the quest for the Orb.
     0 | D:1      | Reached XP level 1. HP: 13/13 MP: 3/3
   477 | D:1      | Reached XP level 2. HP: 19/19 MP: 1/5
   632 | D:1      | Learned a level 2 spell: Call Imp
  1630 | D:1      | Slain by a hobgoblin

Vault maps used:
D:1:      onia_arrival_larder, st_stairs_12

Skill      XL: |  1  2 |
---------------+-------+-----
Dodging        | 3 |  3.1
Fighting       | |  0.2
Stealth        | |  2.2
Spellcasting   | |  2.2
Summonings     | |  4.3

Action                   || total
-------------------------++-------
Melee: Unarmed           ||    26
       Dagger            ||    47
 Cast: Summon Small Mamm ||    34
       Call Imp          ||    10
 Stab: Sleeping          ||     3
  Eat: Chunk             ||     3
Armor: Robe              ||    22
Dodge: Dodged            ||    69
